 Dungeon Sprint DCSS version 0.14-a0-299-g49704ef (console) character file.

10815 Dalvant the Scorcher (level 11, -2/60 HPs)
             Began as a Deep Elf Fire Elementalist on Oct 18, 2013.
             Was the Champion of Vehumet.
             Killed from afar by a storm dragon (13 damage)
             ... with a bolt of lightning
             ... in the Dungeon (Sprint II: "The Violet Keep of Menkaure").
             The game lasted 00:22:56 (2938 turns).

Dalvant the Scorcher (Deep Elf Fire Elementalist)   Turns: 2938, Time: 00:22:56

HP  -2/60        AC  7     Str  5      XL: 11   Next: 36%
MP  25/35        EV 13     Int 26      God: Vehumet [******]
Gold 381         SH  0     Dex 15      Spells:  6 memorised, 20 levels left

Res.Fire  : + + .   See Invis. : .   o - +7,+3 long sword "Bluohau" {slice, +Fly rN+ Int+2}
Res.Cold  : . . .   Warding    : .   a - +0 elf robe
Life Prot.: + . .   Conserve   : .   (no shield)
Res.Poison: +       Res.Corr.  : .   (no helmet)
Res.Elec. : +       Clarity    : .   p - +2 cloak
Sust.Abil.: . .     Spirit.Shd : .   y - +0 pair of gauntlets
Res.Mut.  : .       Prev.Telep.: +   e - +0 pair of boots
Res.Rott. : .       Flight     : .   j - amulet of faith
Saprovore : . . .                    t - ring of protection from magic
                                     m - ring of fire

@: very slightly contaminated, delayed fireball, quite resistant to hostile
enchantments, quite stealthy
A: no striking features
a: Renounce Religion, Release Delayed Fireball, Evoke Flight


You were in the Dungeon.
You worshipped Vehumet.
Vehumet was exalted by your worship.
You were not hungry.

You visited 1 branch You collected 1397 gold pieces.
You spent 1036 gold pieces at shops.

Inventory:

Hand weapons
 l - the +12,+3 spear of Skymoa {freeze, SInv}
   (You found it in the Dungeon)

   It has been specially enchanted to freeze those struck by it, causing extra
   injury to most foes and up to double damage against particularly susceptible
   opponents.
   It can also slow down cold-blooded creatures.
   It enhances your eyesight.
 o - the +7,+3 long sword "Bluohau" (weapon) {slice, +Fly rN+ Int+2}
   (You bought it in a shop in the Dungeon)

   It inflicts extra damage upon your enemies.
   It affects your intelligence (+2).
   It protects you from negative energy.
   It lets you fly.
Armour
 a - a +0 elven robe (worn)
 e - a +0 pair of boots (worn)
 p - a +2 cloak (worn)
 r - a +0 pair of gloves
 y - a +0 pair of gauntlets (worn)
Comestibles
 c - a bread ration
 h - 2 apples
 k - 3 meat rations
 n - a choko
Scrolls
 i - 2 scrolls of blinking
 w - a scroll of fear
 x - 2 scrolls of magic mapping
 A - 4 scrolls of identify
 C - 2 scrolls of remove curse
Jewellery
 j - an amulet of faith (around neck)
 m - a ring of fire (left hand)
 t - a ring of protection from magic (right hand)
Potions
 d - a potion of curing
 f - a potion of speed
 g - 4 potions of magic
 u - a potion of restore abilities
 z - 3 potions of resistance
 D - a potion of mutation {unknown}
 E - 6 potions of flight {unknown}
 I - 2 potions of agility {unknown}
Books
 b - a book of Flames

   Spells                             Type                      Level
   *Flame Tongue                      Conjuration/Fire             1
   Throw Flame                        Conjuration/Fire             2
   Conjure Flame                      Conjuration/Fire             3
   Inner Flame                        Hexes/Fire                   3
   *Sticky Flame                      Conjuration/Fire             4
   *Fireball                          Conjuration/Fire             5


   Skills:
 - Level 6.3 Fighting
 - Level 2.4 Dodging
 - Level 6.2 Stealth
 + Level 16.2 Spellcasting
 * Level 16.2 Conjurations
 * Level 18.5 Fire Magic


You had 20 spell levels left.
You knew the following spells:

 Your Spells              Type           Power        Failure   Level  Hunger
a - Flame Tongue          Conj/Fire      #####        0%          1    None
b - Fireball              Conj/Fire      ########..   1%          5    None
c - Sticky Flame          Conj/Fire      ########     1%          4    None
d - Iron Shot             Conj/Erth      ######....   4%          6    ####...
C - Iskenderun's Battles  Conj/Chrm      ######..     1%          4    None
D - Delayed Fireball      Conj/Fire      N/A          1%          7    #####..


Dungeon Overview and Level Annotations

Branches:
Dungeon (1/1)

Altars:
Cheibriados
Elyvilon
Fedhas
Kikubaaqudgha
Makhleb
Nemelex Xobeh
Okawaru
Sif Muna
Trog
Vehumet
Xom
Yredelemnul
Zin
the Shining One
Beogh
Jiyva
Lugonu

Shops:
D !+((=%?[=[*=!/+!

Annotations:
D exclusion: oklob plant, Kirke, Roxanne


Message History

The barrage of energy hits the bone dragon.
The bone dragon is heavily damaged.
The bone dragon closely misses you. The bone dragon claws you!
The bone dragon misses you.
Drink which item? (? for menu, Esc to quit)
You feel much better.
The bone dragon burns!
Your battlesphere wavers and loses cohesion.
The bone dragon bites you. The bone dragon claws you!
The bone dragon closely misses you.
Drink which item? (? for menu, Esc to quit)
Magic courses through your body.
The bone dragon burns!
The bone dragon bites you! The bone dragon claws you.
The bone dragon tramples you!
* * * LOW HITPOINT WARNING * * *
You stumble backwards!
Read which item? (? for menu, Esc to quit)
Blink to where?
Press: ? - help, Dir - move target cursor, p - bone dragon
As you read the scroll of blinking, it crumbles to dust.
You are very lightly contaminated with residual magic.
The bone dragon burns!
The storm dragon breathes lightning at you.
The bolt of lightning hits you! You resist.
You die...

*∩∩∩∩∩∩*,,+,**≈,≈≈≈≈≈**⌠,,,,*+***,,,*,..#,**,,** ,*,,,**,,,,*
*∩∩∩∩∩∩*,,***,≈≈≈≈≈≈,,**,,,,*,,*##+####.#,*,,,**,,,,,,**,,, *
*******#*,,+≈≈,≈≈≈≈≈≈≈≈##++##,,,+...#0..#,,,,,**********++****
*,,,**,,K####≈≈≈≈≈≈§§≈##≈...###,#§§§##########*******,,,,,,,,*
*,,,,,,, .)≈##§≈≈≈≈≈≈*#)≈.....###§§§#≈≈≈§≈≈§§##*,,,,*,++++++,*
############§§#@'+#+++*####....#.##==###########*+**,*,+≈,,≈+,*
###########z≈§.§.......#..'.^..#%.#))#.....[).##,,,*,*,+≈,,≈+,*
##∩.∩.....#≈§≈≈.##+##,,#.%####^#..#[§#..(..(..##,⌠,*,*,+≈,,≈+,*
##.∩.∩....#≈≈≈≈##...##.####..%.##.#)}#........##,,,*,*,+≈,,≈+,*
##..∩.∩...#≈(≈(#..#).#,...#..#...#####.([)).).##,,,*,*,+≈,,≈+,*
##...∩.∩..#≈≈####...####..#####..##.##(..([...##,,,*,*,+≈,,≈+,*
##....∩.⌠.#§##.###'###.##..#(.'..#..##.....(..##,,,*,*,+≈,,≈+,*
##...∩.∩..#≈#.#.##.##.#.#..#..#..#..##....((..##,⌠,*,*,*≈,,≈*,*
##..∩.∩...'≈+###+<<<+.##+..####..##.##....)..)##,,,*,*,*≈,,≈*,
##.∩.∩....#≈#.#.##.##..##....###...#########'####+#*,***≈,,≈***
###########≈##.###'###.##......≈D≈≈≈≈≈≈≈≈≈≈≈...≈≈≈#,,,,,,,,**
##($$######≈≈#####.#*###≈≈.....≈#'########§###.≈≈≈#,,,,,,,**
#).$#Y(+,##≈≈≈#..#..#≈≈≈≈≈§§§.≈#...)._._#§§≈##≈≈≈#,,,,,,**
#∩P(+.?#+*#'#≈##.#.##≈≈≈§≈≈≈≈.≈#.D.._._.#≈≈≈§#####****≈**
#$.(#)##≈*#%#≈≈##+##≈≈≈≈≈≈§§≈≈≈#._._._._#≈§§§≈##,,*,,*≈*
#/$.###§≈≈###*≈≈≈≈≈≈≈≈≈§§≈≈≈≈≈≈#_.D._._.#§§≈≈§≈#,,*,,*≈*
##+###§≈≈≈≈*,*+++#+++#≈≈§≈§§≈≈≈#.§._._..#§§§§§≈+,,+,,*≈*
*,,,*#≈≈≈≈≈*** ≈≈S§≈≈##§≈§###§≈#.._._...#§§§≈≈§#,,*,,*≈*
**+***≈≈≈≈≈**≈≈≈≈§§ ≈≈*#≈≈#,#§§#...⌠§.(.#≈§§§§≈#,,*,,*≈*
*,,,*+≈≈,≈≈+≈≈≈≈≈§§≈≈≈≈+≈≈*+#≈§#......@.#≈≈§§#####****≈*
**+***≈≈≈≈≈**≈≈≈≈§§≈≈≈**≈≈≈§≈§§##########≈§§§#≈≈≈≈≈≈≈≈≈*
*,,,**≈≈≈≈≈***≈ ≈≈≈≈≈*****######≈≈≈≈≈≈≈≈≈§≈≈≈#≈≈≈≈≈≈≈≈≈*
**+***≈≈≈≈≈*∩****+****≈≈≈≈≈;≈###≈########§########*≈≈≈≈*
*,,,***≈≈≈**,,,,*****≈≈≈≈≈≈≈§§##≈#,,,,,,###,,,,,,,**≈≈≈*
*,∩,+***≈**∩,,,,,,,+≈≈≈≈≈≈≈≈≈≈;+≈#,,,,,,* ,,,,,,,,,**≈≈*
*,,,*,,********** ,**≈≈≈≈≈≈≈≈≈****,,,,,,+,,,,,,,,,,,+≈≈*
******,,, ,,,,,, *,,**≈≈≈≈≈≈≈*****,,,,,,**,,,,,,,,,*****
*******************,,,*********,,,,,,,,,,***,,,,,,,**
*,,∩,∩≈,,,,,,,,,,,,,,,+,+,,,+,+,,,,,,,,,,* ********* ********
*********************************


You could see a bone dragon (burning) and a storm dragon.

Vanquished Creatures
  A deep elf master archer (D)
  A kraken (D)
  A yaktaur captain (D)
  2 plague shamblers (D)
  2 death drakes (D)
  3 giant amoebae (D)
  A yaktaur (D)
  A mermaid (D)
  3 polar bears (D)
  A baby alligator (D)
  2 wyverns (D)
  2 hippogriffs (D)
  Menkaure (D)
  A swamp drake (D)
  A yellow wasp (D)
  A crocodile (D)
  4 brain worms (D)
  8 big fish (D)
  A scorpion (D)
  4 giant centipedes (D)
  A spectral adder (D)
  A spectral kobold (D)
  3 tentacles (D)
46 creatures vanquished.

Vanquished Creatures (others)
  5 tentacles (D)
  7 tentacle segments (D)
12 creatures vanquished.

Grand Total: 58 creatures vanquished

Notes
Turn   | Place    | Note
--------------------------------------------------------------
     0 | D        | Dalvant, the Deep Elf Fire Elementalist, began the quest for the Orb.
     0 | D        | Reached XP level 1. HP: 10/10 MP: 4/4
     0 | D        | Noticed a hippogriff
     0 | D        | Noticed a hippogriff
     4 | D        | Noticed a brain worm
     4 | D        | Noticed a brain worm
     4 | D        | Noticed a brain worm
     4 | D        | Noticed a brain worm
    14 | D        | Killed a brain worm
    14 | D        | Reached skill level 6 in Fire Magic
    14 | D        | Reached XP level 2. HP: 15/15 MP: 0/7
    14 | D        | Reached XP level 3. HP: 19/19 MP: 0/10
    23 | D        | Killed a brain worm
    23 | D        | Reached skill level 8 in Fire Magic
    23 | D        | Reached XP level 4. HP: 20/24 MP: 1/13
    35 | D        | Killed a brain worm
    35 | D        | Reached skill level 5 in Conjurations
    35 | D        | Reached skill level 9 in Fire Magic
    35 | D        | Reached XP level 5. HP: 8/29 MP: 0/16
    41 | D        | Learned a level 4 spell: Sticky Flame
    47 | D        | Learned a level 5 spell: Fireball
   258 | D        | Killed a brain worm
   258 | D        | Reached skill level 5 in Stealth
   258 | D        | Reached skill level 10 in Fire Magic
   258 | D        | Reached XP level 6. HP: 35/35 MP: 13/19
   320 | D        | Killed a hippogriff
   320 | D        | Reached skill level 5 in Fighting
   320 | D        | Reached skill level 5 in Spellcasting
   320 | D        | Reached skill level 11 in Fire Magic
   326 | D        | HP: 1/35 [hippogriff (4)]
   327 | D        | Killed a hippogriff
   327 | D        | Reached XP level 7. HP: 1/40 MP: 6/22
   634 | D        | Found Strourghue's Jewellery Shop.
   634 | D        | Found Waommaun's Jewellery Shop.
   634 | D        | Found Qivuur's Book Boutique.
   634 | D        | Found Qatojoet's Distillery.
   634 | D        | Found Mnaiqiur's Antique Armour Boutique.
   634 | D        | Found Qaodapim's Distillery.
   634 | D        | Found Feirr's General Store.
   645 | D        | Found Noerezxo's Antique Armour Boutique.
   645 | D        | Found Smotuomm's Food Boutique.
   645 | D        | Found Foime's Magic Scroll Boutique.
   645 | D        | Found Caonkum's Magical Wand Shop.
   645 | D        | Noticed Menkaure
   647 | D        | Found Plusam's Antique Weapon Boutique.
   647 | D        | Noticed a great orb of eyes
   655 | D        | Killed Menkaure
   660 | D        | Found Azxoir's Jewellery Shop.
   660 | D        | Found Leack's Weapon Shop.
   660 | D        | Noticed an oklob plant
   661 | D        | Upgraded the game from 0.14-a0-291-gb04d185 to 0.14-a0-299-g49704ef
   661 | D        | Found Usmaemag's Book Shoppe.
   663 | D        | Found Cofap's Distillery.
   664 | D        | Noticed a death yak
   674 | D        | Bought a potion of restore abilities for 36 gold pieces
   685 | D        | Bought a pair of glowing boots for 33 gold pieces
   693 | D        | Bought an uncursed amulet of faith for 330 gold pieces
   773 | D        | Bought an apple for 8 gold pieces
   773 | D        | Bought an apple for 8 gold pieces
   773 | D        | Bought a meat ration for 44 gold pieces
   831 | D        | Noticed a baby alligator
   837 | D        | Noticed a crocodile
   845 | D        | Killed a baby alligator
   845 | D        | Reached skill level 12 in Fire Magic
   985 | D        | Found a glowing silver altar of Zin.
   985 | D        | Found a viscous altar of Jiyva.
   986 | D        | Found a sparkling altar of Nemelex Xobeh.
   986 | D        | Found a basalt altar of Yredelemnul.
   987 | D        | Found an ancient bone altar of Kikubaaqudgha.
   987 | D        | Found a white marble altar of Elyvilon.
   987 | D        | Found a snail-covered altar of Cheibriados.
   987 | D        | Found a glowing golden altar of the Shining One.
   995 | D        | Killed a crocodile
  1056 | D        | Found a deep blue altar of Sif Muna.
  1056 | D        | Found a corrupted altar of Lugonu.
  1057 | D        | Found a roughly hewn altar of Beogh.
  1058 | D        | Found an iron altar of Okawaru.
  1060 | D        | Found a shimmering altar of Xom.
  1060 | D        | Found a blossoming altar of Fedhas.
  1060 | D        | Found a radiant altar of Vehumet.
  1060 | D        | Found a burning altar of Makhleb.
  1060 | D        | Found a bloodstained altar of Trog.
  1060 | D        | Noticed a yellow wasp
  1060 | D        | Noticed a polar bear
  1061 | D        | Noticed a yaktaur
  1062 | D        | Noticed a polar bear
  1062 | D        | Noticed a polar bear
  1064 | D        | Noticed a big fish
  1067 | D        | Became a worshipper of Vehumet
  1068 | D        | Noticed a big fish
  1070 | D        | Noticed a big fish
  1076 | D        | Killed a polar bear
  1076 | D        | Reached skill level 13 in Fire Magic
  1076 | D        | Reached XP level 8. HP: 41/46 MP: 2/25
  1079 | D        | Noticed a big fish
  1081 | D        | Noticed a big fish
  1081 | D        | Noticed a big fish
  1085 | D        | Noticed a big fish
  1097 | D        | Noticed a big fish
  1181 | D        | Killed a yaktaur
  1181 | D        | Acquired Vehumet's first power
  1181 | D        | Offered knowledge of Sting by Vehumet.
  1257 | D        | Killed a yellow wasp
  1261 | D        | Noticed an electric eel
  1262 | D        | Noticed an electric eel
  1262 | D        | Noticed an electric eel
  1263 | D        | Killed a polar bear
  1263 | D        | Reached skill level 10 in Conjurations
  1263 | D        | Reached skill level 14 in Fire Magic
  1265 | D        | Killed a polar bear
  1396 | D        | Noticed a plague shambler
  1406 | D        | Killed a plague shambler
  1406 | D        | Offered knowledge of Sandblast by Vehumet.
  1406 | D        | Reached skill level 10 in Spellcasting
  1406 | D        | Reached XP level 9. HP: 51/51 MP: 16/29
  1472 | D        | Acquired Vehumet's second power
  1487 | D        | Noticed a lava snake
  1611 | D        | Noticed a mermaid
  1616 | D        | Killed a mermaid
  1616 | D        | Offered knowledge of Dazzling Spray by Vehumet.
  1616 | D        | Acquired Vehumet's third power
  1616 | D        | Reached skill level 15 in Fire Magic
  1626 | D        | Noticed Roxanne
  1648 | D        | Bought a choko for 5 gold pieces
  1651 | D        | Bought a bloodstained long sword for 228 gold pieces
  1652 | D        | Identified the +7,+3 long sword "Bluohau" {slice, +Fly rN+ Int+2} (You bought it in a shop in the Dungeon)
  1652 | D        | Identified the +7,+3 long sword "Bluohau" {slice, +Fly rN+ Int+2} (You bought it in a shop in the Dungeon)
  1657 | D        | Bought a cloak for 22 gold pieces
  1663 | D        | Bought a potion of heal wounds for 36 gold pieces
  1668 | D        | Bought an uncursed ring of fire for 260 gold pieces
  1675 | D        | Bought a pair of gloves for 26 gold pieces
  1722 | D        | Noticed a kraken
  1729 | D        | Killed a kraken
  1729 | D        | Reached XP level 10. HP: 56/56 MP: 5/32
  1841 | D        | Killed a big fish
  1841 | D        | Offered knowledge of Airstrike by Vehumet.
  1852 | D        | Learned a level 4 spell: Airstrike
  1871 | D        | Killed a big fish
  1871 | D        | Offered knowledge of Iskenderun's Battlesphere by Vehumet.
  1881 | D        | Learned a level 4 spell: Iskenderun's Battlesphere
  1888 | D        | Killed a big fish
  1888 | D        | Offered knowledge of Delayed Fireball by Vehumet.
  1893 | D        | Killed a big fish
  1905 | D        | Learned a level 7 spell: Delayed Fireball
  1937 | D        | Noticed a shark
  1938 | D        | Noticed a shark
  1938 | D        | Killed a big fish
  1940 | D        | Killed a big fish
  1944 | D        | Noticed a shark
  1946 | D        | Noticed a shark
  1946 | D        | Killed a big fish
  1947 | D        | Noticed a shark
  1948 | D        | Killed a big fish
  1958 | D        | Noticed a shark
  2212 | D        | Noticed a death drake
  2213 | D        | Killed a swamp drake
  2213 | D        | Offered knowledge of Conjure Ball Lightning by Vehumet.
  2214 | D        | Noticed a death drake
  2214 | D        | Noticed a plague shambler
  2215 | D        | Killed a plague shambler
  2215 | D        | Reached skill level 16 in Fire Magic
  2216 | D        | Killed a death drake
  2217 | D        | Killed a death drake
  2355 | D        | Noticed a giant amoeba
  2355 | D        | Noticed a giant amoeba
  2355 | D        | Noticed a giant amoeba
  2357 | D        | Killed a giant amoeba
  2357 | D        | Reached skill level 15 in Conjurations
  2357 | D        | Reached skill level 17 in Fire Magic
  2358 | D        | Killed a giant amoeba
  2361 | D        | Killed a giant amoeba
  2361 | D        | Reached skill level 15 in Spellcasting
  2443 | D        | Killed a deep elf master archer
  2443 | D        | Reached skill level 18 in Fire Magic
  2443 | D        | Reached XP level 11. HP: 60/60 MP: 28/35
  2508 | D        | Noticed a wyvern
  2508 | D        | Noticed a wyvern
  2509 | D        | Killed a wyvern
  2509 | D        | Offered knowledge of Iron Shot by Vehumet.
  2509 | D        | Killed a wyvern
  2537 | D        | Learned a level 6 spell: Iron Shot
  2636 | D        | Noticed a scorpion
  2637 | D        | Killed a scorpion
  2640 | D        | Got a polished spear
  2641 | D        | Identified the +12,+3 spear of Skymoa {freeze, SInv} (You found it in the Dungeon)
  2641 | D        | Identified the +12,+3 spear of Skymoa {freeze, SInv} (You found it in the Dungeon)
  2680 | D        | Noticed Kirke
  2680 | D        | Noticed a yaktaur captain
  2681 | D        | Noticed a kobold demonologist
  2684 | D        | Killed a yaktaur captain
  2688 | D        | Noticed a skeletal warrior
  2899 | D        | Noticed a bone dragon
  2899 | D        | Noticed a storm dragon
  2934 | D        | Noticed a golden dragon
  2938 | D        | Killed from afar by a storm dragon

Action                   |  1- 3 |  4- 6 |  7- 9 | 10-12 || total
-------------------------+-------+-------+-------+-------++-------
Melee: Unarmed           |     9 |     6 |       |       ||    15
       Long sword        |       |       |       |     2 ||     2
 Cast: Flame Tongue      |     3 |    14 |    20 |    20 ||    57
       Sticky Flame      |       |     2 |     6 |     5 ||    13
       Fireball          |       |       |    16 |    17 ||    33
       Iskenderun's Batt |       |       |       |     9 ||     9
       Delayed Fireball  |       |       |       |     1 ||     1
       Iron Shot         |       |       |       |     2 ||     2
 Abil: Evoke Flight      |       |       |       |     1 ||     1
  Use: Potion            |     1 |     1 |     1 |     3 ||     6
       Scroll            |       |       |       |    12 ||    12
